 Dungeon Crawl Stone Soup version 0.22-a0-322-g60b3cfd (webtiles) character file.

241 galech the Ruffian (level 5, -1/54 HPs)
             Began as a Troll Monk on Apr 5, 2018.
             Slain by a centaur (4 damage)
             ... on level 3 of the Dungeon.
             The game lasted 00:05:30 (2085 turns).

galech the Ruffian (Troll Monk)                     Turns: 2085, Time: 00:05:31

Health: -1/54      AC:  5    Str: 20    XL:     5   Next: 80%
Magic:  4/4        EV: 11    Int:  6    God:
Gold:   180        SH:  0    Dex: 12    Spells: 4/4 levels left

rFire    . . .     SeeInvis .     - Unarmed
rCold    . . .     Gourm    +   (no shield)
rNeg     . . .     Faith    .   a - +0 robe
rPois    .         Spirit   .   (helmet restricted)
rElec    .         Reflect  .   (no cloak)
rCorr    .         Harm     .   (gloves unavailable)
MR       .....                  (boots unavailable)
Stlth    ++........             (no amulet)
HPRegen  0.58/turn              p - ring of flight
MPRegen  0.09/turn              (no ring)

@: no status effects
A: large, unfitting armour, claws 3, fast metabolism 3, gourmand, regeneration
1, shaggy fur 1, tough skin 2
a: Evoke Flight


You were on level 3 of the Dungeon.
You were very full.

You visited 1 branch of the dungeon, and saw 3 of its levels.

You collected 180 gold pieces.

Inventory:

Armour
 a - a +0 robe (worn)
Jewellery
 p - a ring of flight (left claw)
Scrolls
 c - 6 scrolls of identify {unknown}
 d - 5 scrolls of teleportation {unknown}
 g - 2 scrolls of amnesia {unknown}
 q - a scroll of fear {unknown}
 r - a scroll of enchant armour {unknown}
Potions
 e - a potion of lignification {unknown}
 f - a potion of magic {unknown}
 i - a potion of resistance {unknown}
 j - 2 potions of berserk rage {unknown}
 k - a potion of haste {unknown}
 l - a potion of mutation {unknown}
 m - a potion of cancellation {unknown}
 n - a potion of might {unknown}
 o - a potion of curing {unknown}
Comestibles
 b - 4 rations
 h - 6 chunks of flesh


   Skills:
 + Level 3.6 Fighting
 + Level 3.6 Dodging
 - Level 1.0 Stealth
 + Level 4.5 Unarmed Combat


You had 4 spell levels left.
You didn't know any spells.

Dungeon Overview and Level Annotations

Branches:
Dungeon (3/15)

Altars:
Cheibriados
Makhleb
Sif Muna


Innate Abilities, Weirdness & Mutations

You are too large for most types of armour.
You have claws for hands.
Your metabolism is lightning-fast.
You like to eat raw meat.
Your natural rate of healing is unusually fast.
You are covered in fur. (AC +1)
You have very tough skin. (AC +2)


Message History

The centaur shoots an arrow.
The arrow hits you.
An orc comes into view.
The orc moves out of view.
The centaur unwields an uncursed enchanted shortbow.
The centaur hits you!
* * * LOW HITPOINT WARNING * * *
Items here: )) [ † a falchion; a leather armour; a flail; an orc corpse You claw the centaur!
The centaur is moderately wounded.
The centaur hits you.
* * * LOW HITPOINT WARNING * * *
You scratch the centaur but do no damage.
The centaur is moderately wounded.
The centaur closely misses you. The centaur hits you!
* * * LOW HITPOINT WARNING * * *
You closely miss the centaur.
The centaur is moderately wounded.
The centaur hits you.
You die...

########### #.........#
#####.#######.# ###.....#
#.## #.......# #..####
#######.#.....# #......
.?>.........#.# #...###
........(.....# #......
.#####.#c@...#######...###
#.#.#(............#
#.#.#..#.)#.#.#...#
#.#.##...#..)†#..##
##c#.........).#..#
#((..).o.##..#.#..#
#.######.##..#.#... #...
#.##..#.#.... ......
...........<.


You could see a centaur and an orc (wandering).

Vanquished Creatures
  The ghost of Galewind the Conjurer, an amateur DECj (D:3)
  A hound (D:2)
  7 adders
  3 worms
  2 leopard geckos
  4 orcs (D:3)
  3 giant cockroaches
  7 goblins
  8 hobgoblins
  2 jackals (D:2)
  7 kobolds
  4 quokkas (D:2)
  A ball python (D:3)
  6 bats
  5 frilled lizards
  8 rats
69 creatures vanquished.

Notes
Turn   | Place    | Note
-------+----------+-------------------------------------------
     0 | D:1      | galech the Troll Monk began the quest for the Orb.
     0 | D:1      | Reached XP level 1. HP: 22/22 MP: 0/0
   115 | D:1      | Reached XP level 2. HP: 29/29 MP: 1/1
   832 | D:2      | Reached XP level 3. HP: 27/36 MP: 2/2
  1009 | D:2      | Found a deep blue altar of Sif Muna.
  1180 | D:2      | Reached XP level 4. HP: 45/45 MP: 3/3
  1198 | D:2      | Found a burning altar of Makhleb.
  1357 | D:2      | Reached skill level 4 in Unarmed Combat
  1818 | D:3      | Reached XP level 5. HP: 50/53 MP: 4/4
  1841 | D:3      | Found a snail-covered altar of Cheibriados.
  2009 | D:3      | Noticed Galewind's ghost (amateur DECj)
  2019 | D:3      | Killed Galewind's ghost
  2068 | D:3      | Noticed a centaur
  2084 | D:3      | HP: 2/54 [centaur (7)]
  2085 | D:3      | Slain by a centaur

Vault maps used:
D:1:      minmay_arrival_shattered_statue, minmay_pentomino_o4
D:2:      lemuel_blue_sif_altar, minivault_23, makhleb_blood_cavern_becter
D:3:      lemuel_coloured_pillars_altar, lemuel_crystal_altar, first_ration

Skill      XL: |  1  2  3  4 |
---------------+-------------+-----
Fighting       | 3 |  3.6
Dodging        | 3 |  3.6
Unarmed Combat | 4 |  4.5
Stealth        | |  1.0

Action                   |  1- 3 |  4- 6 || total
-------------------------+-------+-------++-------
Melee: Unarmed           |    77 |    89 ||   166
       Punch             |       |     1 ||     1
 Stab: Sleeping          |       |     3 ||     3
       Distracted        |       |     1 ||     1
  Eat: Chunk             |    16 |     8 ||    24
Armor: Robe              |    26 |    21 ||    47
Dodge: Dodged            |    30 |    67 ||    97

Table legend:
 A = Spawn XP
 B = Non-spawn XP
 C = Spawn XP percentage of total XP
 D = Spawn monster count
 E = Non-spawn monster count
 F = Spawn count percentage of total count
 G = Total turns spent on level
                    A         B        C        D         E        F      G
               +---------+---------+-------+---------+---------+-------+---------
         Total |       0 |     345 |   0.0 |       0 |      69 |   0.0 |  2085
               +---------+---------+-------+---------+---------+-------+---------
           D:1 |       0 |      26 |   0.0 |       0 |      16 |   0.0 |   776
           D:2 |       0 |     167 |   0.0 |       0 |      33 |   0.0 |  1038
           D:3 |       0 |     152 |   0.0 |       0 |      20 |   0.0 |   271
               +---------+---------+-------+---------+---------+-------+---------
